 Dungeon Crawl Stone Soup version 0.28.0 (webtiles) character file.

Game seed: 5721574744950408778

6402 Colgate the Severer (level 10, 0/90 HPs)
             Began as a Minotaur Berserker on Feb 6, 2022.
             Was a Priest of Trog.
             Slain by a troll (7 damage)
             ... on level 11 of the Dungeon.
             The game lasted 00:11:48 (7391 turns).

Colgate the Severer (Minotaur Berserker)            Turns: 7391, Time: 00:11:49

Health: 0/90       AC: 12    Str: 26    XL:     10   Next: 66%
Magic:  9/9        EV:  9    Int:  4    God:    Trog [***...]
Gold:   339        SH:  0    Dex: 10    Spells: 9/9 levels left

rFire   . . .      SeeInvis .   y - +0 war axe
rCold   . . .      Faith    +   (no shield)
rNeg    + . .      Spirit   .   A - +0 chain mail
rPois   .          Reflect  .   (helmet restricted)
rElec   .          Harm     .   (no cloak)
rCorr   .          Rampage  .   (no gloves)
Will    .....                   w - +0 pair of boots
Stlth   ..........              C - amulet of faith
HPRegen 0.25/turn               l - ring of positive energy
MPRegen 0.11/turn               (no ring)

@: on berserk cooldown, slowed, invisible, very slow
A: horns 2, retaliatory headbutt
a: Renounce Religion, Berserk, Trog's Hand


You were on level 11 of the Dungeon.
You worshipped Trog.
Trog was most pleased with you.
You visited 1 branch of the dungeon, and saw 12 of its levels.

You collected 339 gold pieces.

Inventory:

Hand Weapons
 a - a +0 hand axe
 y - a +0 war axe (weapon)
Armour
 b - a +0 animal skin
 f - a +0 ring mail
 w - a +0 pair of boots (worn)
 A - a +0 chain mail (worn)
Jewellery
 l - a ring of positive energy (left hand)
 C - an amulet of faith (around neck)
Scrolls
 c - 2 scrolls of amnesia
 d - a scroll of fear
 g - a scroll of enchant armour {unknown}
 h - a scroll of teleportation
 i - 2 scrolls of immolation
 o - a scroll of blinking {unknown}
 q - a scroll of magic mapping {unknown}
 u - a scroll of summoning {unknown}
 z - a scroll of torment {unknown}
 B - a scroll of identify
Potions
 e - a potion of berserk rage {unknown}
 j - 2 potions of mutation
 k - a potion of invisibility
 m - a potion of haste {unknown}
 n - a potion of magic
 p - a potion of curing
 r - a potion of flight
 s - a potion of heal wounds
 t - a potion of attraction {unknown}
 v - a potion of brilliance {unknown}
 x - a potion of resistance {unknown}


   Skills:
 + Level 8.7 Fighting
 - Level 16.0 Axes
 + Level 8.2 Armour
 - Level 2.1 Dodging


You had 9 spell levels left.
You didn't know any spells.
Your spell library was empty.

Dungeon Overview and Level Annotations

Branches:
Dungeon (12/15)            Temple (0/1) D:4             Orc (0/2) D:9
   Lair: D:8-11

Altars:
Trog
Vehumet

Annotations:
D:3 2 transporters, Akaron's ghost, amateur OpEE


Innate Abilities, Weirdness & Mutations

You have a pair of horns on your head.
You reflexively headbutt those who attack you in melee.


Message History

You kill the yak!
Trog accepts your kill.
You hit the orc.
A yak comes into view.
The orc hits you but does no damage.
You slice the orc!!
You kill the orc!
Trog accepts your kill. The orc warrior closely misses you.
You furiously retaliate!
You headbutt the orc warrior!
An orc comes into view.
It is wielding a +2 hand axe of freezing.
Things that are here:
a +2 short sword of protection; an orc corpse You hit the orc warrior but do no damage.
The orc warrior is heavily wounded.
A yak comes into view.
The orc warrior barely misses you.
An orc comes into view.
It is wielding a +0 hand axe and quivering boomerangs of dispersal.
The yak bellows!
You slice the orc warrior!!
You kill the orc warrior!
Trog accepts your kill. The troll closely misses you. The troll claws you!
* * * LOW HITPOINT WARNING * * *
The troll claws you!
* * * LOW HITPOINT WARNING * * *
Items here: ( ) [ †.
You closely miss the troll. You headbutt the troll!
The troll is moderately wounded.
You are no longer berserk.
You are exhausted.
You feel as though you will be slow longer.
The troll closely misses you. You furiously retaliate!
You headbutt the troll. The troll claws you but does no damage.
The troll claws you.
* * * LOW HITPOINT WARNING * * *
You fade into invisibility!
The troll bites you.
* * * LOW HITPOINT WARNING * * *
The troll claws you!
You die...

.............
...........#Y# #
..........Y#.#### .
...........Y..[. .
#.............# .
##.....(.......#
..............## .
...........).##o##....
..##........#..)@To.....
.##...##...##.....#...##
..##(# ##..##...### .#
.....#####.###..#
.....##.#...###..
.........^.## #...
........#..# #....
.........### #...
.....÷.≈..#


You could see a troll and 2 orcs.

Vanquished Creatures
  Josephine (D:11)
  A cyclops (D:11)
  An ugly thing (D:12)
  An unseen horror (D:12)
  A komodo dragon (D:10)
  2 rime drakes (D:11)
  A troll (D:11)
  A hornet (D:8)
  6 yaks
  3 wraiths (D:11)
  A steam dragon (D:7)
  A warg (D:9)
  2 water moccasins (D:7)
  2 black bears
  4 orc warriors
  A necrophage (D:4)
  2 ogres
  A kobold brigand (D:7)
  A bullfrog (D:8)
  A howler monkey (D:5)
  A centaur zombie (D:10)
  3 hounds
  5 orc priests
  A jelly (D:7)
  Natasha (twice) (D:4)
  7 orc wizards
  A killer bee zombie (D:7)
  5 adders
  2 white imps
  4 worms
  3 dart slugs
  26 orcs
  16 ball pythons
  2 bats
  8 endoplasms
  4 giant cockroaches
  6 goblins
  6 hobgoblins
  4 jackals (D:4)
  12 kobolds
  4 quokkas
  3 frilled lizards
  6 rats
165 creatures vanquished.

Vanquished Creatures (others)
  2 kobolds (D:7)
  4 toadstools (D:1)
6 creatures vanquished.

Grand Total: 171 creatures vanquished

Notes
Turn   | Place    | Note
-------+----------+-------------------------------------------
     0 | D:1      | Colgate the Minotaur Berserker began the quest for the Orb.
     0 | D:1      | Reached XP level 1. HP: 19/19 MP: 0/0
    20 | D:1      | Reached skill level 4 in Axes
   250 | D:1      | Reached XP level 2. HP: 26/26 MP: 1/1
   355 | D:1      | Found a faded altar of an unknown god.
   974 | D:1      | Reached skill level 5 in Axes
  1057 | D:2      | Reached XP level 3. HP: 18/31 MP: 2/2
  1574 | D:2      | Reached ** piety under Trog
  1634 | D:2      | Reached skill level 6 in Axes
  1634 | D:2      | Reached XP level 4. HP: 38/39 MP: 3/3
  2345 | D:3      | Found a transporter.
  2347 | D:3      | Noticed Akaron's ghost (amateur OpEE)
  2463 | D:3      | Found a transporter.
  2689 | D:4      | Reached XP level 5. HP: 45/45 MP: 4/4
  2787 | D:4      | Reached skill level 7 in Axes
  3048 | D:4      | Reached *** piety under Trog
  3252 | D:4      | Found a staircase to the Ecumenical Temple.
  3384 | D:4      | Noticed Natasha
  3393 | D:4      | Killed Natasha
  3394 | D:4      | Reached skill level 8 in Axes
  3473 | D:4      | Noticed a necrophage
  3475 | D:4      | Noticed an ogre
  3480 | D:4      | Killed a necrophage
  3481 | D:4      | Reached XP level 6. HP: 51/51 MP: 5/5
  3484 | D:4      | Reached skill level 9 in Axes
  3553 | D:4      | Noticed Natasha
  3560 | D:4      | Killed Natasha
  3764 | D:5      | Entered Level 5 of the Dungeon
  3806 | D:5      | Reached XP level 7. HP: 57/57 MP: 6/6
  3870 | D:5      | Reached skill level 10 in Axes
  4227 | D:5      | You fall into a shaft and drop 1 floor!
  4296 | D:7      | Noticed a steam dragon
  4302 | D:7      | Found a bloodstained altar of Trog.
  4306 | D:7      | Killed a steam dragon
  4307 | D:7      | Reached skill level 11 in Axes
  4496 | D:7      | Found a radiant altar of Vehumet.
  4749 | D:7      | Reached XP level 8. HP: 64/64 MP: 7/7
  4850 | D:7      | Reached skill level 12 in Axes
  5453 | D:8      | Noticed a hornet
  5459 | D:8      | Killed a hornet
  5460 | D:8      | Reached skill level 13 in Axes
  5929 | D:9      | Reached skill level 14 in Axes
  5929 | D:9      | Reached XP level 9. HP: 70/70 MP: 8/8
  5939 | D:9      | Reached skill level 15 in Axes
  6041 | D:9      | Found a staircase to the Orcish Mines.
  6154 | D:10     | Entered Level 10 of the Dungeon
  6157 | D:10     | Noticed a komodo dragon
  6162 | D:10     | Killed a komodo dragon
  6163 | D:10     | Reached skill level 16 in Axes
  6677 | D:11     | Noticed a troll
  6683 | D:11     | Killed a troll
  6684 | D:11     | Reached skill level 5 in Fighting
  6745 | D:12     | Noticed a cyan ugly thing
  6760 | D:12     | Killed a cyan ugly thing
  6761 | D:12     | Reached skill level 5 in Armour
  6761 | D:12     | Reached XP level 10. HP: 44/83 MP: 9/9
  7017 | D:11     | Found a frozen archway.
  7078 | D:11     | Noticed a cyclops
  7094 | D:11     | Killed a cyclops
  7365 | D:11     | Noticed Josephine
  7380 | D:11     | Killed Josephine
  7391 | D:11     | Slain by a troll

Illustrated notes

Levels and vault maps discovered:
D:1:      ldierk_water_garden, layout_basic, basic_ecumenical_altar
D:2:      layout_loops_ring, grunt_decor_clamped
D:3:      layout_loops_cross, gammafunk_ghost_mausoleum
D:4:      minmay_inner_zag, layout_gridville, minmay_temple_entry_butterflies,
          uniq_natasha
D:5:      layout_rooms
D:6:      layout_basic
D:7:      layout_loops_cross, mainiacjoe_overflow_catwalk_spiral
D:8:      layout_loops_corners, lair_entry_dummy
D:9:      layout_loops_corners, erik_orc_3, serial_shops, nicolae_shop_crystal,
          nicolae_elevator_lobby_plus
D:10:     layout_cave_pools
D:11:     layout_cave_pools, portal_ice_cave_rime, uniq_josephine
D:12:     layout_rooms

Skill      XL: |  1  2  3  4  5  6  7  8  9 10 |
---------------+-------------------------------+-----
Axes           | 4 5 6 8 9 11 14 16 | 16.0
Fighting       | 5 8 |  8.7
Armour         | 5 8 |  8.2
Dodging        | |  2.1

Action                   |  1- 3 |  4- 6 |  7- 9 | 10-12 || total
-------------------------+-------+-------+-------+-------++-------
Melee: Hand axe          |    77 |   114 |    71 |       ||   262
       Headbutt          |    16 |    17 |    20 |     4 ||    57
       War axe           |       |       |    96 |    47 ||   143
       Punch             |       |       |     1 |       ||     1
Invok: Berserk           |     2 |     5 |    12 |     4 ||    23
  Use: Scroll            |       |     4 |     5 |       ||     9
       Potion            |       |       |     1 |     1 ||     2
Armor: Animal skin       |     1 |       |       |       ||     1
       Ring mail         |    13 |    38 |    28 |       ||    79
       Chain mail        |       |       |     8 |    12 ||    20
Dodge: Dodged            |    43 |    52 |    58 |    12 ||   165
